AoeStats
← tjcameron2011

Arena

510437013Analyzed
1v1 RM · 17h ago on Oct 1, 2026· 45m 29s· 2 players
Game mode
Random Map
Map size
Tiny (2 player)
Population
200
Speed
Normal
Resources
Standard
Victory
Conquest
Starting age
Dark Age
Ending age
Imperial Age
RankedLock teamsTeams togetherTeam positionsShared explorationLock speedFull tech treeHidden civsTurbo modeCheats
Victory
Defeat
🇺🇸 Byzantines · United States
600
+13
🇦🇷 Franks · Argentina
538
-13
jmmoreno
13:14 Feudal Age
20:44 Castle Age
19:13 Scale Barding Armor
20:05 Forging
26:29 Chain Barding Armor
26:45 Iron Casting
26:02 Fletching
27:02 Elite Skirmisher
27:50 Padded Archer Armor
28:52 Bodkin Arrow
35:13 Imperial Age
34:33 Ordonnance Companies
37:00 Conscription
36:44 Cavalier
38:51 Plate Barding Armor
39:47 Paladin
44:12 Ballistics
44:52 Chemistry
tjcameron2011
5:20 Loom
11:23 Feudal Age
12:55 Wheelbarrow
12:16 Double-Bit Axe
13:21 Horse Collar
19:24 Castle Age
17:19 Gold Mining
17:45 Forging
17:37 Scale Mail Armor
17:43 Scale Barding Armor
17:33 Fletching
17:44 Padded Archer Armor
21:46 Bow Saw
22:28 Iron Casting
23:23 Heavy Plow
23:22 Bodkin Arrow
23:44 Leather Archer Armor
23:45 Chain Mail Armor
23:56 Chain Barding Armor
25:30 Hand Cart
26:01 Squires
25:22 Pikeman
25:50 Arson
28:24 Gold Shaft Mining
27:39 Stone Mining
28:08 Fervor
29:58 Redemption
30:18 Husbandry
29:38 Light Cavalry
30:19 Elite Skirmisher
34:03 Sanctity
39:39 Imperial Age
37:24 Gambesons
38:20 Thumb Ring
37:36 Crossbowman
40:52 Ring Archer Armor
40:23 Bracer
39:48 Crossbowman
41:12 Elite Cataphract
41:59 Arbalester
43:09 Halberdier
44:14 Logistica
45:32 Plate Mail Armor
45:38 Plate Barding Armor
Connection lost

Rejoining the realm…

Still unreachable

The connection could not be restored.

Session expired

The server has moved on; the page needs a fresh start.